 Dungeon Crawl Stone Soup version 0.14.0-15-g6b16f67 (webtiles) character file.

107 Ragg the Ruffian (level 4, -17/45 HPs)
             Began as a Troll Monk on Apr 17, 2014.
             Demolished by ark's ghost (18 damage)
             ... on Level 3 of the Dungeon.
             The game lasted 00:03:02 (1406 turns).

Ragg the Ruffian (Troll Monk)                       Turns: 1406, Time: 00:03:02

HP -17/45        AC  5     Str 19      XL: 4   Next:  5%
MP   2/2         EV 10     Int  7      God:
Gold 36          SH  0     Dex 12      Spells:  0 memorised,  3 levels left

rFire  . . .     SeeInvis .       - Unarmed
rCold  . . .     Clarity  .     p - +0 robe
rNeg   + . .     Conserve .     (shield restricted)
rPois  .         rCorr    .     (helmet restricted)
rElec  .         rRot     .     (no cloak)
SustAb . .       Spirit   .     (gloves unavailable)
rMut   .         Warding  .     (boots unavailable)
Gourm  +         Stasis   .     t - amulet of inaccuracy {unknown}
MR     +....                    f - ring of positive energy {unknown}
                                e - ring of protection from magic {unknown}

@: somewhat resistant to hostile enchantments, unstealthy
A: unfitting armour, claws 3, fast metabolism 3, gourmand, regeneration 2,
saprovore 2, shaggy fur 1, tough skin 2
a: no special abilities


You were on level 3 of the Dungeon.
You were completely stuffed.

You visited 1 branch of the dungeon, and saw 3 of its levels.

You collected 36 gold pieces.

Inventory:

Armour
 p - a +0 robe (worn)
Comestibles
 a - a lychee
 b - 2 meat rations
 h - 2 bread rations
 i - 2 apples
 k - a choko
 v - a rotting chunk of adder flesh
 x - 2 rotting chunks of quokka flesh
 z - 2 chunks of hobgoblin flesh
Scrolls
 d - a scroll of identify {unknown}
 g - a scroll of random uselessness {unknown}
 l - a scroll of immolation {unknown}
 n - a scroll of fog {unknown}
 q - a scroll of remove curse {unknown}
 r - a scroll of blinking {unknown}
 w - a scroll of magic mapping {unknown}
Jewellery
 e - a ring of protection from magic (left claw) {unknown}
 f - a ring of positive energy (right claw) {unknown}
 t - an amulet of inaccuracy (around neck) {unknown}
Potions
 c - 2 potions of magic {unknown}
 j - 2 potions of heal wounds {unknown}
 m - a potion of restore abilities {unknown}
 o - a potion of curing {unknown}
 u - a potion of confusion {unknown}


   Skills:
 + Level 3.0 Fighting
 + Level 3.0 Dodging
 - Level 1.1 Stealth
 + Level 4.6 Unarmed Combat


You had 3 spell levels left.
You didn't know any spells.

Dungeon Overview and Level Annotations

Branches:
Dungeon (3/15)

Altars:

Annotations:
D:3 ark's ghost, average HOFi


Innate Abilities, Weirdness & Mutations

You are too large for most types of armour.
You have claws for hands.
Your metabolism is lightning-fast.
You like to eat raw meat.
You heal very quickly.
You can eat rotten meat.
You are covered in fur (AC +1).
You have very tough skin (AC +2).


Message History

Some of the chunks of flesh in your inventory have completely rotted away.
Ark's ghost hits you!
* * * LOW HITPOINT WARNING * * *
There is a stone staircase leading up here.
You are too injured to fight recklessly!
You are too injured to fight recklessly!
You are too injured to fight recklessly!
You are too injured to fight recklessly!
You are too injured to fight recklessly!
You closely miss ark's ghost.
Ark's ghost is moderately damaged.
Ark's ghost hits you but does no damage.
You hit ark's ghost. You claw ark's ghost, but do no damage.
Ark's ghost is moderately damaged.
Ark's ghost hits you!
* * * LOW HITPOINT WARNING * * *
You barely miss ark's ghost.
Ark's ghost is moderately damaged.
Ark's ghost hits you!
You die...

............#
####.#####.########
................#
##.#####.######.#
#.# #.# #.# ####.#
..# #....# #.#
#p##.# #.# #@##.#
### ######


You could see ark's ghost.

Vanquished Creatures
  4 adders (D:2)
  A ball python (D:1)
  6 goblins
  6 hobgoblins
  5 kobolds
  A quokka (D:2)
  5 bats
  A giant cockroach (D:2)
  2 giant newts (D:2)
  2 rats (D:1)
33 creatures vanquished.

Notes
Turn   | Place    | Note
--------------------------------------------------------------
     0 | D:1      | Ragg, the Troll Monk, began the quest for the Orb.
     0 | D:1      | Reached XP level 1. HP: 22/22 MP: 1/1
   185 | D:1      | Reached XP level 2. HP: 27/29 MP: 1/1
   652 | D:2      | Reached XP level 3. HP: 36/36 MP: 2/2
  1201 | D:2      | Reached XP level 4. HP: 37/45 MP: 2/2
  1379 | D:3      | Noticed ark's ghost (average HOFi)
  1405 | D:3      | HP: 1/45 [ark's ghost (12)]
  1406 | D:3      | Demolished by ark's ghost

Action                   |  1- 3 |  4- 6 || total
-------------------------+-------+-------++-------
Melee: Unarmed           |    75 |    18 ||    93
 Stab: Sleeping          |     1 |       ||     1
